 Dungeon Crawl Stone Soup version 0.18-a0-142-gfdd910a (webtiles) character file.

348 Duffy the Gusty (level 6, 0/36 HPs)
             Began as a High Elf Air Elementalist on Nov 22, 2015.
             Was a Follower of Sif Muna.
             Slain by a sky beast (6 damage)
             ... on level 5 of the Dungeon.
             The game lasted 00:08:20 (5366 turns).

Duffy the Gusty (High Elf Air Elementalist)         Turns: 5366, Time: 00:08:21

Health: 0/36       AC:  3    Str: 10    XL:     6   Next: 33%
Magic:  10/13      EV: 13    Int: 21    God:    Sif Muna [*.....]
Gold:   220        SH:  0    Dex: 16    Spells: 4 memorised, 5 levels left

rFire  . . .     SeeInvis .     u - +8 whip of Nadyosm {slash, +Blink rN++ Str+3}
rCold  . . .     Clarity  .     a - +0 robe
rNeg   + + .     SustAt   .     (no shield)
rPois  .         Gourm    .     (no helmet)
rElec  .         Spirit   .     (no cloak)
rCorr  .         Warding  .     (no gloves)
rMut   .         Stasis   .     y - +0 pair of boots
MR     .....                    (no amulet)
Stlth  ++........               (no ring)
                                (no ring)

@: not resistant to hostile enchantments, unstealthy
A: no striking features
a: Channel Energy, Renounce Religion, Evoke Blink


You were on level 5 of the Dungeon.
You worshipped Sif Muna.
Sif Muna was aware of your devotion.
You were not hungry.

You visited 1 branch of the dungeon, and saw 5 of its levels.

You collected 220 gold pieces.


   Skills:
 - Level 2.2 Dodging
 - Level 2.2 Stealth
 + Level 4.0 Spellcasting
 * Level 5.0 Conjurations
 * Level 5.2 Air Magic
 + Level 0.9 Invocations


You had 5 spell levels left.
You knew the following spells:

 Your Spells              Type           Power        Failure   Level  Hunger
a - Shock                 Conj/Air       ####         1%          1    None
c - Static Discharge      Conj/Air       ####....     4%          3    ###....
M - Repel Missiles        Chrm/Air       ###...       8%          2    #......
U - Swiftness             Chrm/Air       ###.....     8%          2    #......

Inventory:

Hand Weapons
 k - a +2 whip of pain
 u - the +8 whip of Nadyosm (weapon) {slash, +Blink rN++ Str+3}

   It inflicts extra damage upon your enemies.
   It affects your strength (+3).
   It greatly protects you from negative energy.
   It lets you blink.
Missiles
 e - 26 poisoned needles
Armour
 a - a +0 robe (worn)
 t - the +1 pair of boots "Vekih" {*Corrode rF++ Regen+ Stlth+}

   It greatly protects you from fire.
   It increases your rate of regeneration.
   It may corrode your equipment when you take damage.
   It makes you more stealthy.
 y - a +0 pair of boots (worn)
Jewellery
 v - an uncursed amulet of stasis
 x - an uncursed amulet of faith {unknown}
Scrolls
 f - a scroll of remove curse {unknown}
 h - a scroll of enchant weapon {unknown}
 q - 2 scrolls of recharging {unknown}
 s - 2 scrolls of amnesia {unknown}
 w - a scroll of noise {unknown}
Potions
 d - a potion of haste {unknown}
 g - 2 potions of brilliance
 i - 2 potions of might
 j - 3 potions of poison {unknown}
 l - 2 potions of heal wounds
 m - a potion of lignification {unknown}
 n - a potion of resistance {unknown}
 o - 2 potions of curing {unknown}
 p - a potion of degeneration {unknown}
 r - a potion of invisibility {unknown}
Books
 b - a book of Air
Comestibles
 c - 2 bread rations
 z - a royal jelly

Dungeon Overview and Level Annotations

Branches:
Dungeon (5/15)
 Temple: D:4-7

Altars:
Makhleb
Sif Muna
Trog


Message History

You enter a teleport trap!
The teleport trap disappears.
Your surroundings suddenly seem different.
Found a royal jelly, 31 gold pieces and a scroll of identify.
z - a royal jelly
Found a bloodstained altar of Trog.
You now have 207 gold pieces (gained 9).
You now have 220 gold pieces (gained 13).
A sky beast and an orc come into view.
The sky beast flickers out of sight!
Deactivating autopickup; reactivate with Ctrl-A.
An orc is nearby!
Found a puce potion.
A hound comes into view.
Something hits you but does no damage.
You closely miss the orc.
The hound barks!
Something hits you. Something shocks you. The orc misses you.
Something hits you. Something shocks you.
You completely miss the orc. The orc hits you with a hand axe.
Something hits you. Something shocks you.
You are too injured to fight recklessly!
Cast which spell? (? or * to list)
The orc is struck by lightning.
You kill the orc!
The lightning arcs!
You are struck by lightning.
The lightning arcs!
Something barely misses you.
Cast which spell? (? or * to list)
You can't see any susceptible monsters within range! (Use Z to cast anyway.) Cast which spell? (? or * to list)
You can't see any susceptible monsters within range! (Use Z to cast anyway.) Cast which spell? (? or * to list)
You can't see any susceptible monsters within range! (Use Z to cast anyway.)
The hound bites you but does no damage. Something hits you.
Something shocks you.
You die...

#.......$.#
#......?..#
#.........#
#.........#
#.........#
#.........########
#................#
#########........#
#)@......#
#...h..!..#
#..._.....#
#.........#
#.........+
#.........#
##........#
#........#


You could see a hound.

Action                   |  1- 3 |  4- 6 || total
-------------------------+-------+-------++-------
Melee: Whip              |       |    20 ||    20
 Cast: Shock             |    93 |    20 ||   113
       Repel Missiles    |     1 |       ||     1
       Static Discharge  |       |    46 ||    46
  Use: Scroll            |       |     3 ||     3
 Stab: Sleeping          |       |     1 ||     1
  Eat: Chunk             |     3 |     9 ||    12
       Bread ration      |       |     1 ||     1
       Beef jerky        |       |     1 ||     1

Notes
Turn   | Place    | Note
--------------------------------------------------------------
     0 | D:1      | Duffy the High Elf Air Elementalist began the quest for the Orb.
     0 | D:1      | Reached XP level 1. HP: 11/11 MP: 4/4
   211 | D:1      | Reached skill level 2 in Conjurations
   232 | D:1      | Reached XP level 2. HP: 17/17 MP: 4/6
   793 | D:1      | Reached skill level 3 in Conjurations
  1028 | D:1      | Reached XP level 3. HP: 21/21 MP: 5/7
  1075 | D:1      | Learned a level 2 spell: Repel Missiles
  1079 | D:1      | Learned a level 2 spell: Swiftness
  1184 | D:2      | Found a deep blue altar of Sif Muna.
  1354 | D:2      | Became a worshipper of Sif Muna the Loreminder
  1466 | D:2      | Reached skill level 3 in Spellcasting
  1734 | D:2      | Reached XP level 4. HP: 23/27 MP: 3/9
  1834 | D:2      | Learned a level 3 spell: Static Discharge
  2338 | D:2      | Reached skill level 4 in Conjurations
  2338 | D:2      | Reached skill level 4 in Air Magic
  3157 | D:3      | Reached XP level 5. HP: 19/31 MP: 0/11
  4375 | D:4      | Reached * piety under Sif Muna
  4566 | D:4      | Got a pair of pitted boots
  4572 | D:4      | Identified the +1 pair of boots "Vekih" {*Corrode rF++ Regen+ Stlth+} (You found it on level 4 of the Dungeon)
  4652 | D:4      | Got a faintly glowing whip
  4653 | D:4      | Identified the +8 whip of Nadyosm {slash, +Blink rN++ Str+3} (You found it on level 4 of the Dungeon)
  4855 | D:4      | Reached skill level 5 in Air Magic
  5003 | D:4      | Reached XP level 6. HP: 26/36 MP: 5/12
  5082 | D:4      | Reached skill level 4 in Spellcasting
  5082 | D:4      | Reached skill level 5 in Conjurations
  5326 | D:5      | Entered Level 5 of the Dungeon
  5329 | D:5      | Found a burning altar of Makhleb.
  5331 | D:5      | Noticed an Executioner
  5352 | D:5      | Found a bloodstained altar of Trog.
  5366 | D:5      | Slain by a sky beast

Vault maps used:
D:1:      minmay_arrival_wavy_path
D:2:      old_standard_altar, first_bread
D:4:      nicolae_zen_rock_garden
D:5:      makhleb_altar_promises_db, hangedman_feature_mirror,
          nicolae_ru_awakened_eye

Vanquished Creatures
  A scorpion
  A water moccasin skeleton
  A hound
  A giant frog skeleton
  A worker ant
  10 adders
  2 worms
  2 giant geckos
  An orc
  A ball python
  10 bats
  A giant cockroach
  8 hobgoblins
  8 kobolds
  A quokka
  4 giant newts
  12 goblins
  8 jackals
  A quokka skeleton
  5 rats
79 creatures vanquished.
